 Dungeon Crawl Stone Soup version 0.31.0-11-ge490571c62 (webtiles) character file.

Game seed: 7709262792356237906

714 SnakkuSnakku7 the Chopper (level 7, -4/59 HPs)
             Began as an Armataur Hedge Wizard on Jan 27, 2024.
             Slain by a gnoll sergeant
             ... wielding a +0 trident of flaming
              (12 damage)
             ... on level 5 of the Dungeon.
             The game lasted 00:05:21 (3657 turns).

SnakkuSnakku7 the Chopper (Armataur Hedge Wizard)   Turns: 3657, Time: 00:05:22

Health: -4/59      AC:  5    Str: 17    XL:     7   Next: 41%
Magic:  11/11      EV:  9    Int: 14    God:
Gold:   191        SH:  4    Dex: 16    Spells: 10/11 levels left

rFire   . . .        a - +0 war axe
rCold   . . .        m - +0 buckler
rNeg    . . .        b - +0 robe
rPois   .            c - +0 hat
rElec   .            (no cloak)
rCorr   .            l - +0 pair of gloves
SInv    .            (no barding)
Will    .....        (no amulet)
Stlth   ++           t - +6 ring of dexterity
HPRegen 0.29/turn    (no ring)
MPRegen 0.12/turn

%: roll
@: no status effects
A: large, deformed body, tough skin 3, armoured tail, roll 2
a: no special abilities


You were on level 5 of the Dungeon.
You visited 1 branch of the dungeon, and saw 5 of its levels.

You collected 191 gold pieces.

Inventory:

Hand Weapons
 a - a +0 war axe (weapon)
 e - a +0 short sword
 k - a +0 whip
 u - a +0 dagger
Missiles
 j - 5 javelins (quivered)
 w - 3 poisoned darts
Armour
 b - a +0 robe (worn)
 c - a +0 hat (worn)
 l - a +0 pair of gloves (worn)
 m - a +0 buckler (worn)
Jewellery
 t - a +6 ring of dexterity (left hand)
Scrolls
 g - a scroll of poison {unknown}
 i - a scroll of revelation {unknown}
 n - a scroll of enchant armour {unknown}
 o - a scroll of silence {unknown}
 p - a scroll of blinking {unknown}
 y - a scroll of torment {unknown}
Potions
 d - a potion of magic
 f - a potion of degeneration {unknown}
 h - 2 potions of heal wounds {unknown}
 q - a potion of invisibility {unknown}
 s - a potion of might {unknown}
 x - a potion of ambrosia {unknown}
 z - a potion of haste
 A - a potion of cancellation


   Skills:
 - Level 4.2 Fighting
 + Level 5.2 Axes
 - Level 1.3 Dodging
 - Level 2.1 Stealth
 - Level 1.4 Shields
 - Level 2.6 Spellcasting
 - Level 0.8 Conjurations
 - Level 0.7 Summonings
 - Level 1.0 Translocations


You had 10 spell levels left.
You knew the following spells:

 Your Spells              Type           Power      Damage    Failure   Level
a - Magic Dart            Conj           16%        1d3       21%         1

Your spell library contained the following spells:

 Spells                   Type           Power      Damage    Failure   Level
 Sting                    Conj/Alch      12%        1d3       24%         1
 Freeze                   Ice            4%         1d3       28%         1
 Slow                     Hex            4%         N/A       28%         1
 Blink                    Tloc           8%         N/A       28%         2
 Call Imp                 Summ           6%         N/A       32%         2
 Cigotuvi's Dreadful Rot  Necr/Alch/Air  2%         N/A       41%         2
 Mercury Vapours          Alch/Air       2%         N/A       41%         2
 Hailstorm                Conj/Ice       3%         3d5       58%         3
 Stone Arrow              Conj/Erth      6%         3d7       58%         3
 Mephitic Cloud           Conj/Alch/Air  2%         N/A       61%         3
 Frozen Ramparts          Ice            2%         1d1       65%         3
 Animate Armour           Summ/Erth      4%         N/A       94%         4
 Olgreb's Toxic Radiance  Alch           1%         N/A       96%         4
 Lehudib's Crystal Spear  Conj/Erth      1%         10d2      100%        8


Dungeon Overview and Level Annotations

Branches:
Dungeon (5/15)
 Temple: D:4-7

Altars:
Hepliaklqana
Kikubaaqudgha
Vehumet


Innate Abilities, Weirdness & Mutations

Armour fits poorly on your strangely shaped body.
You have extremely tough skin. (AC +3)
You have a long armoured tail.
You regenerate magic and health when rolling toward enemies. (Rampage Regen)


Message History

The gnoll sergeant closely misses you.
The gnoll sergeant attacks as it pursues you!
You block the gnoll sergeant's attack.
The gnoll sergeant attacks as it pursues you!
The gnoll sergeant hits you from afar with a +0 trident of flaming.
The gnoll sergeant burns you.
The gnoll sergeant attacks as it pursues you!
The gnoll sergeant hits you from afar with a +0 trident of flaming.
* * * LOW HITPOINT WARNING * * *
The gnoll sergeant burns you.
* * * LOW HITPOINT WARNING * * *
The gnoll sergeant attacks as it pursues you!
The gnoll sergeant barely misses you.
The gnoll sergeant attacks as it pursues you!
The gnoll sergeant hits you from afar with a +0 trident of flaming.
* * * LOW HITPOINT WARNING * * *
The gnoll sergeant burns you.
* * * LOW HITPOINT WARNING * * *
The gnoll shouts!
You slash the gnoll!
The gnoll is severely wounded.
The gnoll hits you with a +0 club.
* * * LOW HITPOINT WARNING * * *
The gnoll sergeant closely misses you.
Okay, then.
You feel better. The gnoll hits you with a +0 club.
* * * LOW HITPOINT WARNING * * *
The gnoll sergeant hits you from afar with a +0 trident of flaming!
* * * LOW HITPOINT WARNING * * *
The gnoll sergeant burns you.
* * * LOW HITPOINT WARNING * * *
You aren't carrying any items that you can evoke.
You barely miss the gnoll.
The gnoll is severely wounded.
The gnoll hits you but does no damage. The gnoll sergeant closely misses you.
You slash the gnoll!
You kill the gnoll!
The gnoll sergeant barely misses you.
The gnoll sergeant hits you from afar with a +0 trident of flaming!
You die...

#)..g## .
##.###.##
#...####.##
##.##
#g..gg##
##.#######
....###.#
#g......# #
#.#
##.#####.#
##.## ##g##
#.###g##
##..@.##
##...###
##.....##
##.......##
#.........#
+.<.......+
#.........#
##.......##
##.....##


You could see a gnoll sergeant (reflecting) and a gnoll.

Vanquished Creatures
  An orc warrior (D:4)
  A black bear (D:4)
  3 scorpions (D:4)
  A howler monkey (D:4)
  2 jellies
  Jessica (D:3)
  An orc wizard (D:4)
  6 gnolls
  6 adders
  2 dart slugs (D:2)
  2 ribbon worms
  10 orcs
  7 bats
  4 endoplasms
  6 goblins
  5 hobgoblins
  5 quokkas
  5 ball pythons
  3 frilled lizards
  4 kobolds
  9 rats
84 creatures vanquished.

Notes
Turn   | Place    | Note
-------+----------+-------------------------------------------
     0 | D:1      | SnakkuSnakku7 the Armataur Hedge Wizard began the quest for
                  | the Orb.
     0 | D:1      | Reached XP level 1. HP: 14/14 MP: 4/4
     2 | D:1      | Noticed a ghoul
     4 | D:1      | Noticed an armataur
     6 | D:1      | Noticed a felid
     6 | D:1      | Noticed a vampire
     8 | D:1      | Noticed an oni
     8 | D:1      | Noticed a troll
    10 | D:1      | Noticed a spriggan
    10 | D:1      | Noticed a demigod
    12 | D:1      | Noticed a formicid
    12 | D:1      | Noticed a tengu
    14 | D:1      | Noticed a djinni
    14 | D:1      | Noticed a human
    16 | D:1      | Noticed an elf
    16 | D:1      | Noticed a vine stalker
    18 | D:1      | Noticed a demonspawn
    20 | D:1      | Noticed a merfolk
    20 | D:1      | Noticed a naga
    22 | D:1      | Noticed a gargoyle
    24 | D:1      | Noticed a draconian
    24 | D:1      | Noticed a barachi
    26 | D:1      | Noticed an octopode
    26 | D:1      | Noticed a minotaur
    86 | D:1      | Reached skill level 1 in Fighting
   218 | D:1      | Reached XP level 2. HP: 23/23 MP: 5/5
   289 | D:1      | Found a faded altar of an unknown god.
   806 | D:2      | Reached XP level 3. HP: 7/30 MP: 7/7
  1213 | D:2      | Found a hazy altar of Hepliaklqana.
  1384 | D:2      | Reached XP level 4. HP: 21/38 MP: 8/8
  1780 | D:3      | Noticed Jessica
  1811 | D:3      | Killed Jessica
  1947 | D:3      | Found an ancient bone altar of Kikubaaqudgha.
  1967 | D:3      | Found a radiant altar of Vehumet.
  2010 | D:3      | Reached XP level 5. HP: 44/46 MP: 9/9
  2037 | D:3      | Reached skill level 1 in Shields
  2527 | D:3      | Reached skill level 1 in Axes
  2674 | D:4      | Reached skill level 2 in Axes
  2722 | D:4      | Noticed a black bear
  2738 | D:4      | Killed a black bear
  2739 | D:4      | Reached skill level 3 in Axes
  2739 | D:4      | Reached XP level 6. HP: 18/52 MP: 10/10
  3176 | D:4      | Noticed an orc warrior
  3180 | D:4      | Reached skill level 4 in Axes
  3260 | D:4      | Gained mutation: You regenerate magic and health when
                  | rolling toward enemies. (Rampage Regen) [Armataur growth]
  3260 | D:4      | Reached XP level 7. HP: 49/59 MP: 11/11
  3467 | D:4      | Reached skill level 5 in Axes
  3554 | D:5      | Entered Level 5 of the Dungeon
  3657 | D:5      | Slain by a gnoll sergeant

Illustrated notes

Levels and vault maps discovered:
D:1:      kb_arrival_jail, layout_basic, ebering_ecumenical_altar_webs
D:2:      layout_basic, basic_altar, minivault_24
D:3:      layout_rooms, kiku_gazebo_garden_becter, vehumet_crystals,
          uniq_jessica
D:4:      layout_cave_pools, kennysheep_cluttered_room
D:5:      layout_loops_corners, lemuel_tele_altar

Skill      XL: |  1  2  3  4  5  6  7 |
---------------+----------------------+-----
Fighting       | 1 2 3 4 |  4.2
Shields        | 1 |  1.4
Axes           | 3 4 5 |  5.2
Dodging        | |  1.3
Stealth        | |  2.1
Spellcasting   | |  2.6
Conjurations   | |  0.8
Summonings     | |  0.7
Translocations | |  1.0

Action                     |  1- 3 |  4- 6 |  7- 9 || total
---------------------------+-------+-------+-------++-------
  Melee: Short sword       |   155 |     4 |       ||   159
         Dagger            |    18 |       |       ||    18
         Tailslap          |    23 |    17 |     2 ||    42
         Punch             |     1 |       |       ||     1
         Whip              |       |    82 |       ||    82
         War axe           |       |    75 |    17 ||    92
  Throw: Javelin           |     5 |    14 |       ||    19
         Dart              |       |     9 |     6 ||    15
    Use: Potion            |       |     1 |     1 ||     2
         Scroll            |       |       |     2 ||     2
   Stab: Sleeping          |     1 |       |       ||     1
 Armour: Robe              |   119 |   139 |    18 ||   276
  Dodge: Dodged            |    97 |    81 |    10 ||   188
  Block: Buckler           |       |    20 |     5 ||    25
